General information
			
			
        
        - name: BNet
 
        - type: Ladder 1vs1/FFA
 
        - host: Battle.net
 
        - saver: BEAR_AND
 
        
map: MeltingValley 
        - players: 2
 
        - length: 06:59
 
        - speed: Fast
 - version: 1.22 W3XP
 - replay type:  

 
» download(20 KB)
Players
        team 1 (loser) 
              
              
WildThing (
yellow | 10 APM | 71 actions | 06:58)
              
 1 Blademaster 
 1 Wind Walk
 
                » actions 
                
                | Basic commands | 16 |  | 
| Build / train | 12 |  | 
| Enter build submenu | 8 |  | 
| Enter hero's abilities submenu | 1 |  | 
| Select / deselect | 24 |  | 
| Use ability | 10 |  | 
                71 total
 » units 
                » buildings
                
                | Orc Burrow | 3 |  | 
| Altar of Storms | 1 |  | 
| Barracks | 1 |  | 
| War Mill | 1 |  | 
| Watch Tower | 2 |  | 
                8 total
 » build order
                00:09 Orc Burrow
00:12 Altar of Storms
01:06 Barracks
01:26 Orc Burrow
02:18 War Mill
02:38 Orc Burrow
04:14 Watch Tower
06:20 Watch Tower
 
               team 2 (winner) 
              
              
BEAR_AND (
pink | 114 APM | 800 actions | 06:59)
              
 2 Mountain King 
 1 Storm Bolt
 1 Bash
 
                » actions 
                
                | Assign group hotkey | 19 |  | 
| Basic commands | 3 |  | 
| Build / train | 33 |  | 
| Enter build submenu | 11 |  | 
| Enter hero's abilities submenu | 2 |  | 
| Give item / drop item | 1 |  | 
| Right click | 475 |  | 
| Select / deselect | 124 |  | 
| Select group hotkey | 107 |  | 
| Use ability | 25 |  | 
                800 total
 » units 
                » upgrades
                » buildings
                
                | Altar of Kings | 1 |  | 
| Barracks | 1 |  | 
| Farm | 4 |  | 
| Scout Tower | 2 |  | 
| Arcane Tower | 1 |  | 
| Arcane Vault | 1 |  | 
| Keep | 2 |  | 
| Lumber Mill | 1 |  | 
| Guard Tower | 1 |  | 
                14 total
 » build order
                00:06 Altar of Kings
00:19 Barracks
00:33 Farm
00:49 Farm
01:35 Farm
01:38 Scout Tower
02:07 Arcane Tower
02:33 Farm
03:00 Arcane Vault
04:24 Keep
04:37 Lumber Mill
05:18 Scout Tower
05:48 Guard Tower
» items
                
                | Scroll of Regeneration | 1 |  | 
| Lesser Clarity Potion | 1 |  | 
                2 total
  
                Chat log
          
(04:00 / All) WildThing: lag is terrible
(04:31 / All) BEAR_AND: that's what they all say
(04:45 / All) WildThing: get a connection or stop some prcesses
(04:53 / All) BEAR_AND: are you joking>
(05:02 / All) BEAR_AND: my connection has nothing to do with your lag
(05:19 / All) WildThing: nope..check your processes and see what you can stop running
(05:25 / All) BEAR_AND: shut the fuck up
(05:30 / All) BEAR_AND: i don't make you lag
(05:31 / All) WildThing: ok
(05:33 / All) BEAR_AND: YOU make you lag 
(05:35 / All) WildThing: right
(06:12 / All) WildThing: 3.0 quad core with 8 meg ram.....10 meg cable service...I guess I could lag a little
(06:18 / All) BEAR_AND: yep
(06:26 / All) BEAR_AND: bandwidth has nothing to do with latency
(06:45 / All) BEAR_AND: know the difference noob?
(06:53 / All) WildThing: you so dam retarded I will not even play you......
(06:56 / All) BEAR_AND: leave
(06:56 / All) BEAR_AND: now